 Dungeon Crawl Stone Soup version 0.30-b1-2-g02819fbbbe (webtiles) character file.

Game seed: 12265439200696074978

461 redmage the Digger (level 7, -1/50 HPs)
             Began as a Meteoran Earth Elementalist on Aug 2, 2023.
             Slain by a scorpion (6 damage)
             ... on level 4 of the Dungeon.
             The game lasted 00:08:23 (497 turns).

redmage the Digger (Meteoran Earth Elementalist)     Turns: 497, Time: 00:08:23

Health: -1/50      AC:  2    Str:  9    XL:     7   Next: 54%
Magic:  0/12       EV: 12    Int: 20    God:
Gold:   73         SH:  0    Dex: 14    Spells: 5/12 levels left

rFire   . . .        (no weapon)
rCold   . . .        (no shield)
rNeg    . . .        a - +0 robe
rPois   .            (no helmet)
rElec   .            (no cloak)
rCorr   .            (no gloves)
SInv    .            (no boots)
Will    .....        (no amulet)
Stlth   +            (no ring)
HPRegen 0.28/turn    (no ring)
MPRegen 0.13/turn

%: no passive effects
@: lethally poisoned (-1 -> -6), attractive, glowing
A: sense surroundings 1, otherworldly, glowing, explore regen
a: no special abilities


You were on level 4 of the Dungeon.
You visited 1 branch of the dungeon, and saw 7 of its levels.

You collected 73 gold pieces.

Inventory:

Missiles
 g - 4 boomerangs
Armour
 a - a +0 robe (worn)
Scrolls
 d - a scroll of immolation {unknown}
 e - a scroll of identify {unknown}
 f - a scroll of silence {unknown}
 h - a scroll of fear {unknown}


   Skills:
 - Level 2.4 Dodging
 - Level 1.4 Stealth
 - Level 3.0 Spellcasting
 * Level 5.4 Conjurations
 + Level 0.1 Necromancy
 - Level 1.8 Transmutations
 * Level 7.0 Earth Magic


You had 5 spell levels left.
You knew the following spells:

 Your Spells              Type           Power      Damage    Failure   Level
a - Sandblast             Erth           62%        2d14      1%          1
b - Passwall              Tmut/Erth      16%        N/A       3%          2
c - Stone Arrow           Conj/Erth      56%        3d10      3%          3
d - Necrotise             Necr           12%        1d4       13%         1

Your spell library contained the following spells:

 Spells                   Type           Power      Damage    Failure   Level
 Petrify                  Tmut/Erth      20%        N/A       22%         4
 Vampiric Draining        Necr           3%         2d6       36%         3
 Agony                    Necr           3%         N/A       98%         5


Dungeon Overview and Level Annotations

Branches:
Dungeon (7/15) Zot: 3679
 Temple: D:4-7

Altars:
Wu Jian


Innate Abilities, Weirdness & Mutations

You passively map a small area around you.
You are easily found by Zot.
You glow in the dark.
You regain HP and MP as you explore.


Message History

The stone arrow misses the scorpion.
You feel very sick.
The scorpion stings you but does no damage.
The scorpion stings you!
You are more poisoned.
The scorpion poisons you!
Unknown command.
Unknown command.
Casting: Stone Arrow (dangerous; 3% risk of failure)
Confirm with . or Enter, or press ? or * to list all spells.
Okay, then.
It was a potion of attraction.
You feel attractive to monsters.
You feel very sick.
The scorpion stings you but does no damage.
The endoplasm is attracted toward you.
You feel very sick.
You feel very sick.
You feel sick. The scorpion attacks as you move away!
The scorpion closely misses you.
You feel sick. The scorpion stings you.
You are lethally poisoned!
The scorpion poisons you!
* * * LOW HITPOINT WARNING * * *
You feel very sick.
* * * LOW HITPOINT WARNING * * *
You feel very sick.
* * * LOW HITPOINT WARNING * * *
You feel very sick.
Casting: Stone Arrow (dangerous; 3% risk of failure)
Confirm with . or Enter, or press ? or * to list all spells.
Aiming: Sandblast (safe; 1% risk of failure)
Press: ? - help, Shift-Dir - straight line, f/p - scorpion
Aim: a scorpion (heavily wounded, 84% to hit)
The blast of sand hits the scorpion.
The scorpion is severely wounded.
* * * LOW HITPOINT WARNING * * *
You feel very sick. The scorpion stings you.
You die...

**###########
*,.......>..# *##
*,#########.# *#.#* *,*
##@###.#,** ****
*,########.s.#.#**,**
,,,***,........J#..#* **,*
**,,,,,.#######...#.#**,**
**,,,,,,,,,,,*##.###.#,**
,,,,,,,*****,* #.# *#.#*
**,,,,** *,* #.# *.#
*,,*,* *,**#.# *,# *,,*,*
*,,*#.# *,*


You could see a scorpion and an endoplasm.

Vanquished Creatures
  A steam dragon (D:6)
  A black bear (D:6)
  An ogre (D:6)
  A hound (D:6)
  A jelly (D:6)
  2 orc wizards (D:3)
  2 adders (D:6)
  A dart slug (D:1)
  2 orcs (D:3)
  2 ball pythons
  An endoplasm (D:2)
  A giant cockroach (D:2)
  2 hobgoblins
  4 kobolds
  2 frilled lizards
  A rat (D:2)
25 creatures vanquished.

Notes
Turn   | Place    | Note
-------+----------+-------------------------------------------
     0 | D:1      | redmage the Meteoran Earth Elementalist began the quest for
                  | the Orb.
     0 | D:1      | Reached XP level 1. HP: 14/14 MP: 5/5
    79 | D:1      | Reached XP level 2. HP: 12/20 MP: 3/6
    80 | D:1      | Reached skill level 4 in Earth Magic
   212 | D:2      | Learned a level 2 spell: Passwall
   221 | D:3      | Reached XP level 3. HP: 26/26 MP: 5/8
   223 | D:3      | Learned a level 1 spell: Necrotise
   227 | D:3      | Learned a level 3 spell: Stone Arrow
   237 | D:3      | Found an ornate altar of the Wu Jian Council.
   253 | D:3      | Reached skill level 1 in Conjurations
   253 | D:3      | Reached XP level 4. HP: 26/33 MP: 4/9
   256 | D:3      | Reached skill level 5 in Earth Magic
   262 | D:3      | You fall into a shaft and drop 3 floors!
   295 | D:6      | Noticed a black bear
   295 | D:6      | Noticed an ogre
   309 | D:6      | Killed a black bear
   310 | D:6      | Reached XP level 5. HP: 26/38 MP: 5/10
   310 | D:6      | Reached XP level 6. HP: 31/45 MP: 5/11
   310 | D:6      | Killed an ogre
   311 | D:6      | Reached skill level 6 in Earth Magic
   319 | D:6      | Reached XP level 7. HP: 26/50 MP: 1/12
   367 | D:6      | Noticed a steam dragon
   377 | D:6      | Killed a steam dragon
   378 | D:6      | Reached skill level 5 in Conjurations
   378 | D:6      | Reached skill level 7 in Earth Magic
   463 | D:5      | Entered Level 5 of the Dungeon
   497 | D:4      | Slain by a scorpion

Illustrated notes

Levels and vault maps discovered:
D:1:      lightli_arrival_maybe_door_vault, layout_basic
D:2:      layout_basic, basic_altar, minmay_pentomino_v2
D:3:      layout_basic, gammafunk_temple_overflow_wave,
          mainiacjoe_overflow_alcove_2, minmay_randomly_rotated_circles,
          uniq_sigmund
D:4:      layout_loops_ring, minmay_misc_feat_chi, item_on_display_a
D:5:      minmay_angry_zag, layout_layer_cave, tgw_xom
D:6:      layout_cave_pods, minmay_temple_entry_enclosed_plants
D:7:      layout_basic, mainiacjoe_overflow_brackets, minmay_misc_feat_hallway,
          chequers_serial_rivers_micro_a

Skill      XL: |  1  2  3  4  5  6  7 |
---------------+----------------------+-----
Earth Magic    | 4 5 6 7 |  7.0
Spellcasting   | 3 |  3.0
Conjurations   | 1 3 4 5 |  5.4
Dodging        | |  2.4
Stealth        | |  1.4
Necromancy     | |  0.1
Transmutations | |  1.8

Action                     |  1- 3 |  4- 6 |  7- 9 || total
---------------------------+-------+-------+-------++-------
   Cast: Sandblast         |    26 |    13 |     7 ||    46
         Stone Arrow       |       |       |     8 ||     8
    Use: Scroll            |       |     1 |     1 ||     2
         Potion            |       |       |     2 ||     2
 Armour: Robe              |     3 |       |     5 ||     8
  Dodge: Dodged            |     6 |     4 |     3 ||    13
